3L
PHILADELPHIA 1776 BC @ D.C. DIVIDED
06/09/2023
 
TOP OF THE 1ST
Philadelphia 1776 BC batting - Pitching for D.C. Divided : RHP Sozen Raikatuji
Pitching: RHP Sozen Raikatuji
Batting: RHB Jesús Orozco 0-0: Called Strike
0-1: Ball
1-1: Swinging Strike
1-2: Ball
2-2: Foul Ball, location: 2F
2-2: Ball
3-2: SINGLE (Groundball, 34D)
Batting: LHB Cliff Aldridge 0-0: Called Strike
0-1: Called Strike
0-2: Ball
1-2: Fly out, F7 (Line Drive, 8LXD)
Batting: LHB Héctor Torres 0-0: Called Strike
0-1: Fly out, F7 (Flyball, 7LM)
Batting: RHB Dave Morris 0-0: Ball
1-0: Ball
2-0: Ball
3-0: Called Strike
3-1: Foul Ball, location: 2F
3-2: Foul Ball, location: 2F
3-2: Fly out, F8 (Flyball, 8RM)
Top of the 1st over - 0 run(s), 1 hit(s), 0 error(s), 1 left on base; Philadelphia 1776 0 - D.C. 0
BOTTOM OF THE 1ST
D.C. Divided batting - Pitching for Philadelphia 1776 BC : RHP Jeff Territt
Pitching: RHP Jeff Territt
Batting: RHB Brett Robinson 0-0: Called Strike
0-1: Ball
1-1: Ball
2-1: Foul Ball, location: 2F
2-2: Fly out, F8 (Flyball, 8LM)
Batting: RHB Duncan Thomas 0-0: Ball
1-0: SINGLE (Line Drive, 56D)
Batting: LHB Ray Sears 0-0: Called Strike
0-1: Ball
1-1: Foul Ball, location: 2F
1-2: Fly out, F8 (Flyball, 8RD)
Batting: LHB Mike Gardner 0-0: Ball
1-0: Ball
2-0: Foul Ball, location: 2F
2-1: Called Strike
2-2: Ball
3-2: Foul Ball, location: 2F
3-2: SINGLE (Groundball, 4)
Duncan Thomas to second
Duncan Thomas to third
Batting: RHB Miguel Silva 0-0: Ball
1-0: SINGLE (Flyball, 9LS)
Duncan Thomas scores
Mike Gardner to second
Runner from 2nd tries for 3rd, SAFE, no throw or cutoff
Batting: LHB Charles Mathes 0-0: Ball
1-0: Swinging Strike
1-1: Foul Ball, location: 2F
1-2: Ground out 4-3 (Groundball, 34)
Bottom of the 1st over - 1 run(s), 3 hit(s), 0 error(s), 2 left on base; Philadelphia 1776 0 - D.C. 1
TOP OF THE 2ND
Philadelphia 1776 BC batting - Pitching for D.C. Divided : RHP Sozen Raikatuji
Batting: SHB Jesús Cabañe 0-0: Ball
1-0: Called Strike
1-1: Ground out 6-3 (Groundball, 6)
Batting: RHB António Granados 0-0: Swinging Strike
0-1: Fly out, F8 (Line Drive, 8RM)
Batting: RHB Patrizio Vanali 0-0: Called Strike
0-1: Fly out, F8 (Flyball, 78M)
Top of the 2nd over - 0 run(s), 0 hit(s), 0 error(s), 0 left on base; Philadelphia 1776 0 - D.C. 1
BOTTOM OF THE 2ND
D.C. Divided batting - Pitching for Philadelphia 1776 BC : RHP Jeff Territt
Batting: LHB Keith Bridges 0-0: Ball
1-0: Ball
2-0: Swinging Strike
2-1: Called Strike
2-2: Ball
3-2: Base on Balls
Batting: LHB Jorge Aicón 0-0: Ball
1-0: Fly out, F7 (Flyball, 7M)
Batting: RHB Cristo González 0-0: Fielders Choice at 2nd, 5-4 (Groundball, 5)
Now at 2B: Craig Stewart
Batting: RHB Brett Robinson 0-0: Ball
1-0: Ball
2-0: Called Strike
2-1: Ball
3-1: Swinging Strike
3-2: Strikes out swinging
Bottom of the 2nd over - 0 run(s), 0 hit(s), 0 error(s), 1 left on base; Philadelphia 1776 0 - D.C. 1
TOP OF THE 3RD
Philadelphia 1776 BC batting - Pitching for D.C. Divided : RHP Sozen Raikatuji
Batting: RHB Russell Jackson 0-0: Ball
1-0: Foul Ball, location: 2F
1-1: Foul Ball, location: 2F
1-2: Fly out, F9 (Flyball, 89XD)
Batting: RHB Joe Smith 0-0: Ball
1-0: Ground out 5-3 (Groundball, 56)
Batting: RHB Jesús Orozco 0-0: Ball
1-0: Foul Ball, location: 2F
1-1: Ball
2-1: Ball
3-1: Foul Ball, location: 2F
3-2: Strikes out looking
Top of the 3rd over - 0 run(s), 0 hit(s), 0 error(s), 0 left on base; Philadelphia 1776 0 - D.C. 1
BOTTOM OF THE 3RD
D.C. Divided batting - Pitching for Philadelphia 1776 BC : RHP Jeff Territt
Batting: RHB Duncan Thomas 0-0: Ball
1-0: Called Strike
1-1: Foul Ball, location: 2F
1-2: Strikes out swinging
Batting: LHB Ray Sears 0-0: Called Strike
0-1: Foul Ball, location: 2F
0-2: Ball
1-2: SOLO HOME RUN (Flyball, 89XD), Distance : 428 ft
Batting: LHB Mike Gardner 0-0: Ball
1-0: Called Strike
1-1: Swinging Strike
1-2: Foul Ball, location: 2F
1-2: Fly out, F8 (Line Drive, 8LM)
Batting: RHB Miguel Silva 0-0: Ball
1-0: Ball
2-0: Called Strike
2-1: Ball
3-1: SINGLE (Groundball, 6MD)
Batting: LHB Charles Mathes 0-0: Ball
1-0: Foul Ball, location: 2F
1-1: Ball
2-1: SINGLE (Line Drive, 4M)
Miguel Silva to second
Batting: LHB Keith Bridges 0-0: Foul Ball, location: 2F
0-1: Ball
1-1: Called Strike
1-2: Fly out, F8 (Flyball, 8LD)
Bottom of the 3rd over - 1 run(s), 3 hit(s), 0 error(s), 2 left on base; Philadelphia 1776 0 - D.C. 2
TOP OF THE 4TH
Philadelphia 1776 BC batting - Pitching for D.C. Divided : RHP Sozen Raikatuji
Batting: LHB Cliff Aldridge 0-0: Foul Ball, location: 2F
0-1: Ball
1-1: Foul Ball, location: 2F
1-2: Foul Ball, location: 2F
1-2: Foul Ball, location: 2F
1-2: Ball
2-2: Fly out, F3 (Popup, 23)
Batting: LHB Héctor Torres 0-0: Ball
1-0: Ball
2-0: Foul Ball, location: 2F
2-1: Foul Ball, location: 2F
2-2: Strikes out swinging
Batting: RHB Dave Morris 0-0: Called Strike
0-1: Ball
1-1: Ball
2-1: Ground out 4-3 (Groundball, 4M)
Top of the 4th over - 0 run(s), 0 hit(s), 0 error(s), 0 left on base; Philadelphia 1776 0 - D.C. 2
BOTTOM OF THE 4TH
D.C. Divided batting - Pitching for Philadelphia 1776 BC : RHP Jeff Territt
Batting: LHB Jorge Aicón 0-0: Called Strike
0-1: Ground out U3 (Groundball, 3S)
Batting: RHB Cristo González 0-0: SINGLE (Line Drive, 4M)
Batting: RHB Brett Robinson 0-0: Ball
1-0: Ball
2-0: TRIPLE (Flyball, 9LM)
Cristo González scores
Batting: RHB Duncan Thomas 0-0: Called Strike
0-1: Ball
1-1: Called Strike
1-2: Foul Ball, location: 2F
1-2: Ball
2-2: Fly out, F8 (Line Drive, 8RXD)
Runner from 3rd tags up, SCORES, no throw
Batting: LHB Ray Sears 0-0: Called Strike
0-1: Ball
1-1: Ball
2-1: SINGLE (Line Drive, 34)
Batting: LHB Mike Gardner 0-0: Called Strike
0-1: Fly out, F5 (Popup, 5SF)
Bottom of the 4th over - 2 run(s), 3 hit(s), 0 error(s), 1 left on base; Philadelphia 1776 0 - D.C. 4
TOP OF THE 5TH
Philadelphia 1776 BC batting - Pitching for D.C. Divided : RHP Sozen Raikatuji
Batting: SHB Jesús Cabañe 0-0: Ball
1-0: Swinging Strike
1-1: Ground out 4-3 (Groundball, 34)
Batting: RHB Craig Stewart 0-0: Ball
1-0: Foul Ball, location: 2F
1-1: Foul Ball, location: 2F
1-2: Ball
2-2: Ground out 6-3 (Groundball, 6M)
Batting: RHB Patrizio Vanali 0-0: Foul Ball, location: 2F
0-1: DOUBLE (Line Drive, 7D)
Batting: RHB Russell Jackson 0-0: Foul Ball, location: 2F
0-1: Ground out 6-3 (Groundball, 56)
Top of the 5th over - 0 run(s), 1 hit(s), 0 error(s), 1 left on base; Philadelphia 1776 0 - D.C. 4
BOTTOM OF THE 5TH
D.C. Divided batting - Pitching for Philadelphia 1776 BC : RHP Jeff Territt
Batting: RHB Miguel Silva 0-0: Ball
1-0: Foul Ball, location: 2F
1-1: Ground out 5-3 (Groundball, 5S)
Batting: LHB Charles Mathes 0-0: Called Strike
0-1: Swinging Strike
0-2: Foul Ball, location: 2F
0-2: Foul Ball, location: 2F
0-2: Ground out 5-3 (Groundball, 56)
Batting: LHB Keith Bridges 0-0: Swinging Strike
0-1: Foul Ball, location: 2F
0-2: Foul Ball, location: 2F
0-2: Fly out, F7 (Flyball, 78D)
Bottom of the 5th over - 0 run(s), 0 hit(s), 0 error(s), 0 left on base; Philadelphia 1776 0 - D.C. 4
TOP OF THE 6TH
Philadelphia 1776 BC batting - Pitching for D.C. Divided : RHP Sozen Raikatuji
Batting: RHB Joe Smith 0-0: Ball
1-0: Called Strike
1-1: Ground out 5-3 (Groundball, 5)
Batting: RHB Jesús Orozco 0-0: Ball
1-0: Ball
2-0: Ball
3-0: Called Strike
3-1: DOUBLE (Flyball, 89D)
Batting: LHB Cliff Aldridge 0-0: Fly out, F9 (Line Drive, 89S)
Batting: LHB Héctor Torres 0-0: Called Strike
0-1: Ball
1-1: Ball
2-1: Ground out 4-3 (Groundball, 4)
Top of the 6th over - 0 run(s), 1 hit(s), 0 error(s), 1 left on base; Philadelphia 1776 0 - D.C. 4
BOTTOM OF THE 6TH
D.C. Divided batting - Pitching for Philadelphia 1776 BC : RHP Jeff Territt
Batting: LHB Jorge Aicón 0-0: Ball
1-0: Ball
2-0: Ball
3-0: Called Strike
3-1: SINGLE (Groundball, 4MD)
Pitching: RHP Lorenzo Tamargo
Batting: RHB Cristo González 0-0: Bunted foul
0-1: Bunted foul
0-2: Fly out, F9 (Flyball, 9D)
Batting: RHB Brett Robinson 0-0: Swinging Strike
0-1: Ball
1-1: Called Strike
1-2: Ball
2-2: Ball
3-2: Foul Ball, location: 2F
3-2: Base on Balls
Jorge Aicón to second
Batting: RHB Duncan Thomas 0-0: Ball
1-0: Foul Ball, location: 2F
1-1: Ball
2-1: Foul Ball, location: 2F
2-2: Ball
3-2: Foul Ball, location: 2F
3-2: Base on Balls
Jorge Aicón to third
Brett Robinson to second
Batting: LHB Ray Sears 0-0: Ball
1-0: Ball
2-0: Called Strike
2-1: Foul Ball, location: 2F
2-2: Ball
3-2: SINGLE (Line Drive, 9S)
Jorge Aicón scores
Brett Robinson to third
Duncan Thomas to second
Batting: LHB Mike Gardner 0-0: Called Strike
0-1: Ball
1-1: Ball
2-1: Called Strike
2-2: Foul Ball, location: 2F
2-2: Strikes out swinging
Batting: RHB Miguel Silva 0-0: Ball
1-0: Ball
2-0: Called Strike
2-1: DOUBLE (Line Drive, 7LS)
Brett Robinson scores
Duncan Thomas scores
Ray Sears to third
Runner from 3rd tries for Home, SAFE, no throw or cutoff
Pitching: RHP José Lozano
Batting: LHB Charles Mathes 0-0: Called Strike
0-1: Ball
1-1: Foul Ball, location: 2F
1-2: Foul Ball, location: 2F
1-2: Ground out 5-3 (Groundball, 56)
Bottom of the 6th over - 4 run(s), 3 hit(s), 0 error(s), 1 left on base; Philadelphia 1776 0 - D.C. 8
TOP OF THE 7TH
Philadelphia 1776 BC batting - Pitching for D.C. Divided : RHP Sozen Raikatuji
Batting: RHB Dave Morris 0-0: Called Strike
0-1: Ball
1-1: Called Strike
1-2: Ball
2-2: Ground out 5-3 (Groundball, 56S)
Batting: SHB Jesús Cabañe 0-0: Foul Ball, location: 2F
0-1: Swinging Strike
0-2: Ground out 4-3 (Groundball, 4)
Batting: RHB Craig Stewart 0-0: Foul Ball, location: 2F
0-1: Called Strike
0-2: Ball
1-2: Ball
2-2: Foul Ball, location: 2F
2-2: Fly out, F8 (Flyball, 8RM)
Top of the 7th over - 0 run(s), 0 hit(s), 0 error(s), 0 left on base; Philadelphia 1776 0 - D.C. 8
BOTTOM OF THE 7TH
D.C. Divided batting - Pitching for Philadelphia 1776 BC : RHP José Lozano
Batting: LHB Keith Bridges 0-0: Called Strike
0-1: Fly out, F8 (Flyball, 8RXD)
Batting: LHB Jorge Aicón 0-0: Swinging Strike
0-1: Foul Ball, location: 2F
0-2: Strikes out swinging
Batting: RHB Cristo González 0-0: Called Strike
0-1: Ball
1-1: Ball
2-1: Called Strike
2-2: Ground out 1-3 (Groundball, 15)
Bottom of the 7th over - 0 run(s), 0 hit(s), 0 error(s), 0 left on base; Philadelphia 1776 0 - D.C. 8
TOP OF THE 8TH
Philadelphia 1776 BC batting - Pitching for D.C. Divided : RHP Sozen Raikatuji
Batting: RHB Patrizio Vanali 0-0: Foul Ball, location: 2F
0-1: Swinging Strike
0-2: DOUBLE (Groundball, 3L)
Pitching: RHP Jesse Bowling
Batting: RHB Russell Jackson 0-0: Called Strike
0-1: Foul Ball, location: 2F
0-2: Foul Ball, location: 2F
0-2: Ball
1-2: Ball
2-2: Ball
3-2: Foul Ball, location: 2F
3-2: Fly out, F6 (Line Drive, 6M)
Batting: RHB Joe Smith 0-0: Swinging Strike
0-1: Ground out 6-3 (Groundball, 6)
Patrizio Vanali to third
Batting: RHB Jesús Orozco 0-0: Called Strike
0-1: Called Strike
0-2: Ball
1-2: Ball
2-2: Foul Ball, location: 2F
2-2: Ball
3-2: Fly out, F8 (Flyball, 89D)
Top of the 8th over - 0 run(s), 1 hit(s), 0 error(s), 1 left on base; Philadelphia 1776 0 - D.C. 8
BOTTOM OF THE 8TH
D.C. Divided batting - Pitching for Philadelphia 1776 BC : RHP José Lozano
Batting: RHB Brett Robinson 0-0: Ball
1-0: Foul Ball, location: 2F
1-1: Foul Ball, location: 2F
1-2: Ball
2-2: Ball
3-2: Base on Balls
Batting: RHB Duncan Thomas 0-0: Foul Ball, location: 2F
0-1: Called Strike
0-2: Ball
1-2: Ball
2-2: Ball
3-2: SINGLE (Line Drive, 9S)
Brett Robinson to second
Brett Robinson to third
Batting: LHB Ray Sears 0-0: Ball
1-0: Foul Ball, location: 2F
1-1: Swinging Strike
1-2: Foul Ball, location: 2F
1-2: Strikes out swinging
Batting: LHB Mike Gardner 0-0: Ball
1-0: Ball
2-0: Ball
3-0: Called Strike
3-1: Foul Ball, location: 2F
3-2: Base on Balls
Duncan Thomas to second
Batting: RHB Miguel Silva 0-0: Ball
1-0: Ball
2-0: Foul Ball, location: 2F
2-1: Ball
3-1: Base on Balls
Brett Robinson scores
Duncan Thomas to third
Mike Gardner to second
Batting: LHB Charles Mathes 0-0: Ball
1-0: Ball
2-0: Ball
3-0: Called Strike
3-1: GRAND SLAM HOME RUN (Flyball, 9D), Distance : 382 ft
Pitching: RHP Iván Cordero
Batting: LHB Keith Bridges 0-0: Ball
1-0: Called Strike
1-1: Foul Ball, location: 2F
1-2: Foul Ball, location: 2F
1-2: Ball
2-2: DOUBLE (Line Drive, 78XD)
Batting: LHB Jorge Aicón 0-0: Ball
1-0: Ball
2-0: Called Strike
2-1: Foul Ball, location: 2F
2-2: Ball
3-2: Foul Ball, location: 2F
3-2: Strikes out swinging
Batting: RHB Cristo González 0-0: Called Strike
0-1: Ball
1-1: Swinging Strike
1-2: Ball
2-2: Ball
3-2: Strikes out swinging
Bottom of the 8th over - 5 run(s), 3 hit(s), 0 error(s), 1 left on base; Philadelphia 1776 0 - D.C. 13
TOP OF THE 9TH
Philadelphia 1776 BC batting - Pitching for D.C. Divided : RHP Jesse Bowling
Batting: LHB Cliff Aldridge 0-0: Foul Ball, location: 2F
0-1: Ground out 4-3 (Groundball, 4)
Batting: LHB Héctor Torres 0-0: Called Strike
0-1: SINGLE (Flyball, 7S)
Batting: RHB Dave Morris 0-0: Ball
1-0: Ball
2-0: Ball
3-0: Base on Balls
Héctor Torres to second
Batting: SHB Jesús Cabañe 0-0: Called Strike
0-1: Ball
1-1: SINGLE (Groundball, 2R) (infield hit)
Héctor Torres to third
Dave Morris to second
Batting: RHB Craig Stewart 0-0: Called Strike
0-1: Ball
1-1: Fly out, F7 (Flyball, 7M)
Runner from 3rd tags up, SCORES, throw made
Batting: RHB Patrizio Vanali 0-0: Ball
1-0: Ball
2-0: Called Strike
2-1: Ball
3-1: Foul Ball, location: 2F
3-2: Ground out 5-3 (Groundball, 56S)
Top of the 9th over - 1 run(s), 2 hit(s), 0 error(s), 2 left on base; Philadelphia 1776 1 - D.C. 13
This league is powered by Out of the Park Baseball, the baseball management simulation game for PC, Mac and Linux
Friday, July 8th, 2016 - OOTP Baseball 16.9 Build 39